 Dungeon Crawl Stone Soup version 0.21.1-1-g345015f (webtiles) character file.

58 inc the Cudgeler (level 4, -2/31 HPs)
             Began as an Octopode Chaos Knight on June 6, 2018.
             Slain by a worm (10 damage)
             ... on level 2 of the Dungeon.
             The game lasted 00:02:49 (1065 turns).

inc the Cudgeler (Octopode Chaos Knight)            Turns: 1065, Time: 00:02:50

Health: -2/31      AC:  1    Str: 11    XL:     4   Next: 1%
Magic:  4/4        EV: 13    Int: 15    God:    Xom [..*...]
Gold:   52         SH:  0    Dex: 11    Spells: 3/3 levels left

rFire    . . .     SeeInvis .   a - +0 mace (chaos)
rCold    . . .     Gourm    .   (no shield)
rNeg     . . .     Faith    .   (helmet restricted)
rPois    .         Spirit   .   (no amulet)
rElec    .         Reflect  .   (no ring)
rCorr    .         Harm     .   (no ring)
MR       .....                  (no ring)
Stlth    ++........             (no ring)
HPRegen  0.10/turn              (no ring)
MPRegen  0.09/turn              (no ring)
                                (no ring)
                                (no ring)

@: hasted, very quick
A: almost no armour, stealthy swim, amphibious, 8 rings, constrict 8, camouflage
1, gelatinous body 1
a: Renounce Religion


You were on level 2 of the Dungeon.
You worshipped Xom.
You were a toy of Xom.
You were hungry.

You visited 1 branch of the dungeon, and saw 2 of its levels.

You collected 52 gold pieces.

Inventory:

Hand Weapons
 a - a +0 mace of chaos (weapon)
Scrolls
 c - a scroll of remove curse {unknown}
 f - a scroll of identify {unknown}
 g - a scroll of blinking {unknown}
 i - a scroll of noise {unknown}
Potions
 e - a potion of curing {unknown}
 h - a potion of degeneration {unknown}
Comestibles
 b - a ration


   Skills:
 - Level 3.0 Fighting
 + Level 4.7 Maces & Flails
 - Level 2.3 Dodging


You had 3 spell levels left.
You didn't know any spells.

Dungeon Overview and Level Annotations

Branches:
Dungeon (2/15)

Altars:
Trog


Innate Abilities, Weirdness & Mutations

You cannot wear most types of armour.
You are very stealthy in the water. (Stealth+)
You are amphibious.
You can wear up to eight rings at the same time.
You can use your tentacles to constrict eight enemies at once.
Your skin changes colour to match your surroundings (Stealth+).
Your rubbery body absorbs attacks. (AC +1, EV +1)


Message History

You hit the worm. Your squeeze misses the worm.
The worm is almost dead.
You constrict the worm.
You catch the helpless worm completely off-guard!
You thump the worm! Lightning courses through the worm!
You kill the worm!
You have reached level 4!
You see here a rat corpse.
There is an open door here.
A worm comes into view.
Found a club and a dagger.
You hear Xom's maniacal laughter.
Pain shoots through your body!
The moth of wrath goads the worm on!
The worm goes berserk!
Xom is highly amused!
You are feeling hungry.
The worm bites you!
* * * LOW HITPOINT WARNING * * *
It was a potion of haste.
You feel yourself speed up. The worm bites you!
You die...

###.###.# ##### #.#
...†....# ###....###.#
###.#######.......##.##
# #.....##.).......#..#
########)...#....##.#
#....###...##.#
#.._.#y#...'†.#
#.)w.###...####
#...r#w@..# #.).......#
##.......## ###....##
######


You could see a moth of wrath, 2 worms and a rat.

Vanquished Creatures
  Jessica (D:2)
  An ooze (D:1)
  A worm (D:2)
  A leopard gecko (D:1)
  2 giant cockroaches (D:1)
  2 hobgoblins (D:1)
  5 bats
  3 kobolds (D:1)
  11 rats
27 creatures vanquished.

Notes
Turn   | Place    | Note
-------+----------+-------------------------------------------
     0 | D:1      | inc the Octopode Chaos Knight began the quest for the Orb.
     0 | D:1      | Reached XP level 1. HP: 16/16 MP: 1/1
   202 | D:1      | Reached XP level 2. HP: 18/21 MP: 2/2
   583 | D:1      | Reached skill level 4 in Maces & Flails
   760 | D:1      | Reached XP level 3. HP: 18/26 MP: 3/3
   899 | D:2      | XOM: cloud trail
   941 | D:2      | Noticed Jessica
   948 | D:2      | Killed Jessica
  1029 | D:2      | Noticed a moth of wrath
  1031 | D:2      | Found a bloodstained altar of Trog.
  1052 | D:2      | Reached XP level 4. HP: 31/31 MP: 4/4
  1061 | D:2      | XOM: mild Necr miscast
  1065 | D:2      | Slain by a worm

Skill      XL: |  1  2 |
---------------+-------+-----
Maces & Flails | 4 |  4.7
Fighting       | |  3.0
Dodging        | |  2.3

Action                   |  1- 3 |  4- 6 || total
-------------------------+-------+-------++-------
Melee: Mace              |    58 |       ||    58
       Constrict         |    16 |       ||    16
       Tentacles         |     2 |       ||     2
  Use: Potion            |       |     1 ||     1
 Stab: Sleeping          |     9 |       ||     9
       Confused          |     3 |       ||     3
Armor: Skin              |     5 |       ||     5
Dodge: Dodged            |    37 |       ||    37
